Map: Magma Mines

Players

Magnito

  • Race: Protoss Protoss
  • Spawn Location: 1:00

Terin

  • Race: Terran Terran
  • Spawn Location: 3:00

Loken - Winner!

  • Race: Zerg Zerg
  • League: Platinum
  • Spawn Location: 11:00

dallaskuken - Winner!

  • Race: Protoss Protoss
  • League: Platinum
  • Spawn Location: 9:00

VOD

Have the link to the VOD?

Description

Time

  • Played on: March 28, 2017, 5:11 p.m.
  • Length: 3:59
Show
View Real Time Build Order
Export as new Build Order

Magnito Protoss 

Build Orders: 1 Gate Expand, Double Forge 

Get SALT Encoding   

  12  0:01  Probe (Chrono Boost)  
  13  0:12  Probe (Chrono Boost)  
  14  0:18  Pylon  
  14  0:22  Probe (Chrono Boost)  
  15  0:36  Probe (Chrono Boost)  
  16  0:45  Gateway  
  16  0:47  Probe (Chrono Boost)  
  17  1:00  Probe (Chrono Boost)  
  18  1:15  Nexus  
  18  1:20  Assimilator  
  17  1:27  Probe (Chrono Boost)  
  17  1:29  Assimilator  
  18  1:39  Cybernetics Core  
  18  1:43  Probe (Chrono Boost)  
  18  2:01  Probe (Chrono Boost)  
  18  2:03  Zealot  
  20  2:12  Probe (Chrono Boost)  
  21  2:22  Probe (Chrono Boost)  
  22  2:30  Probe (Chrono Boost)  
  22  2:33  Probe (Chrono Boost)  
  23  2:40  Probe (Chrono Boost)  
  23  2:43  Probe (Chrono Boost)  
  25  2:47  Assimilator  
  25  2:51  Probe (Chrono Boost)  
  26  2:52  Assimilator  
  26  2:54  Probe (Chrono Boost)  
  26  2:55  Pylon  
  27  3:01  Probe (Chrono Boost)  
  27  3:04  Probe (Chrono Boost)  
  28  3:12  Probe (Chrono Boost)  
  29  3:15  Probe (Chrono Boost)  
  25  3:22  Probe (Chrono Boost)  
  25  3:31  Forge  
  25  3:32  Forge  
  24  3:38  Gateway  
  24  3:52  Pylon  
Show
View Real Time Build Order
Export as new Build Order

Terin Terran 

Build Orders:  

Get SALT Encoding   

  12  0:02  SCV  
  13  0:14  SCV  
  13  0:19  Supply Depot  
  14  0:26  SCV  
  15  0:30  Refinery  
  15  0:45  Barracks  
  15  0:51  SCV  
  16  1:03  Refinery, SCV  
  17  1:15  SCV  
  18  1:26  Supply Depot  
  18  1:27  SCV  
  19  1:35  Factory  
  19  1:41  Barracks Tech Lab  
  19  1:46  Barracks Reactor  
  19  2:23  Factory Tech Lab  
  19  2:25  Marine x2  
  21  2:32  SCV  
  22  2:42  Starport  
  22  2:43  Marine x2  
  24  2:44  SCV  
  25  2:57  SCV  
  24  3:02  Siege Tank  
  27  3:09  SCV, Marine x2  
Show
View Real Time Build Order
Export as new Build Order

Loken Zerg - Winner!

Build Orders: Hatch First 

Get SALT Encoding   

  12  0:29  Hatchery  
  12  0:34  Drone  
  12  0:36  Drone  
  14  0:42  Drone  
  14  0:51  Overlord  
  14  1:10  Drone  
  15  1:15  Spawning Pool  
  15  1:17  Drone  
  15  1:24  Drone  
  16  1:48  Drone  
  16  1:49  Drone x2  
  19  1:56  Extractor  
  19  1:57  Drone x2  
  19  1:59  Extractor  
  19  2:07  Drone  
  19  2:08  Drone  
  21  2:13  Queen  
  21  2:14  Queen  
  25  2:16  Overlord  
  25  2:30  Zergling x6  
  28  2:38  Zergling x4  
  30  2:55  Zergling x6  
  33  3:05  Overlord x2  
  33  3:28  Drone x3  
  33  3:29  Drone x6  
  42  3:35  Extractor  
  42  3:38  Extractor  
Show
View Real Time Build Order
Export as new Build Order

dallaskuken Protoss - Winner!

Build Orders: Cannon Rush 

Get SALT Encoding   

  12  0:02  Probe (Chrono Boost)  
  13  0:15  Pylon  
  13  0:35  Forge  
  13  0:36  Probe (Chrono Boost)  
  14  0:47  Pylon  
  14  1:09  Photon Cannon  
  14  1:12  Photon Cannon  
  14  1:25  Pylon  
  14  1:45  Photon Cannon  
  14  1:48  Photon Cannon  
  14  2:02  Photon Cannon  
  14  2:09  Photon Cannon  
  14  2:15  Probe (Chrono Boost)  
  15  2:26  Probe (Chrono Boost)  
  16  2:39  Probe (Chrono Boost)  
  17  2:45  Pylon  
  17  2:48  Gateway  
  17  2:50  Probe (Chrono Boost)  
  18  3:10  Photon Cannon  
  18  3:13  Photon Cannon  
  18  3:16  Assimilator  
  18  3:36  Probe (Chrono Boost)  
  18  3:37  Assimilator  
  19  3:47  Cybernetics Core  
Tags
 
Add a new tag
Caveats
  • Supply blocks, unpowered buildings, or Contaminate may cause inaccurate times.
  • Supply counts are checked every 10 seconds.